 Dungeon Crawl Stone Soup version 0.17.1-3-g152610e (webtiles) character file.

58 Heskey the Skirmisher (level 4, -2/30 HPs)
             Began as a Gargoyle Fighter on Apr 9, 2016.
             Slain by Sigmund
             ... wielding a +0 scythe
              (6 damage)
             ... on level 2 of the Dungeon.
             The game lasted 00:01:47 (1331 turns).

Heskey the Skirmisher (Gargoyle Fighter)            Turns: 1331, Time: 00:01:47

Health: -2/30      AC: 10    Str: 20    XL:     4   Next: 2%
Magic:  4/4        EV:  7    Int:  9    God:
Gold:   89         SH:  0    Dex:  9    Spells: 0 memorised, 3 levels left

rFire  . . .     SeeInvis .     a - +0 flail
rCold  . . .     Clarity  .     b - +0 scale mail
rNeg   + + .     SustAt   .     j - +2 shield
rPois  ∞         Gourm    .     (no helmet)
rElec  +         Spirit   .     (no cloak)
rCorr  .         Warding  .     (no gloves)
rMut   .         Stasis   .     (no boots)
MR     .....                    (no amulet)
Stlth  ..........               (no ring)
                                h - ring of positive energy

@: confused, slowed, very slow, not resistant to hostile enchantments, extremely
unstealthy
A: negative energy resistance 1, electricity resistance, unbreathing,
petrification resistance, rot immunity, AC +3
a: no special abilities


You were on level 2 of the Dungeon.
You were hungry.

You visited 1 branch of the dungeon, and saw 2 of its levels.

You collected 89 gold pieces.

Inventory:

Hand Weapons
 a - a +0 flail (weapon)
Armour
 b - a +0 scale mail (worn)
 j - a +2 shield (worn)
Jewellery
 h - a ring of positive energy (left hand)
Wands
 d - a wand of slowing (1)
Scrolls
 c - a scroll of enchant weapon {unknown}
Potions
 f - 3 potions of curing {unknown}
 g - 2 potions of agility {unknown}
Comestibles
 e - 2 bread rations
 i - a meat ration


   Skills:
 * Level 4.3 Fighting
 + Level 2.6 Maces & Flails
 + Level 3.5 Armour
 + Level 3.5 Shields


You had 3 spell levels left.
You didn't know any spells.

Dungeon Overview and Level Annotations

Branches:
Dungeon (2/15)

Altars:
Cheibriados

Annotations:
D:2 Sigmund


Innate Abilities, Weirdness & Mutations

You are resistant to torment.
Your stone body is resilient (AC +3).
You are immune to poison.
You resist negative energy.
You are resistant to electric shocks.
You can survive without breathing.
You are immune to petrification.
You are immune to rotting.


Message History

The adder bites you.
* * * LOW HITPOINT WARNING * * *
You hear a zap.
You feel as though you will be slow longer.
The adder barely misses you.
Unknown command.
You bump into the rock wall.
The adder bites you.
* * * LOW HITPOINT WARNING * * *
Something hits you but does no damage. The adder bites you.
* * * LOW HITPOINT WARNING * * *
You're too confused to move!
The adder bites you but does no damage.
You hear some strange, mumbled words.
You are more confused.
Something hits you but does no damage. The adder bites you but does no damage.
The bat hits you but does no damage. The adder closely misses you.
The adder barely misses you. Something hits you but does no damage.
You miss the adder. The bat barely misses you.
The bat hits you but does no damage. The adder bites you but does no damage.
The adder bites you but does no damage. Something hits you.
You die...

#.# #(# #.# #.#
#.#################
................>.#
#.#......#######..#
#......#.# #..####
###....#.#######@.#..
................Sb#.#
###....#########..#.#
###......# ##...#
..)......# #...#
.........# .......).#
†........# ######...#
.........# #...#
.........# ##...


You could see an adder and a bat.

Vanquished Creatures
  An adder (D:2)
  3 gnolls (D:2)
  A worm (D:2)
  A giant gecko (D:2)
  A giant cockroach (D:2)
  3 goblins
  4 hobgoblins
  A bat (D:1)
  A giant newt (D:2)
  2 kobolds
18 creatures vanquished.

Notes
Turn   | Place    | Note
--------------------------------------------------------------
     0 | D:1      | Heskey the Gargoyle Fighter began the quest for the Orb.
     0 | D:1      | Reached XP level 1. HP: 14/14 MP: 1/1
   944 | D:2      | Reached XP level 2. HP: 19/19 MP: 2/2
  1046 | D:2      | Reached XP level 3. HP: 13/24 MP: 3/3
  1061 | D:2      | Found a snail-covered altar of Cheibriados.
  1082 | D:2      | Reached skill level 4 in Fighting
  1277 | D:2      | Reached XP level 4. HP: 30/30 MP: 4/4
  1305 | D:2      | Noticed Sigmund
  1331 | D:2      | Slain by Sigmund

Action                   |  1- 3 |  4- 6 || total
-------------------------+-------+-------++-------
Melee: Flail             |    88 |    10 ||    98
  Use: Potion            |     1 |       ||     1
  Eat: Chunk             |     1 |       ||     1
